 Dungeon Crawl Stone Soup version 0.28-a0-425-gd0eccab798 (webtiles) character file.

Game seed: 17130387010402992440

755 Demosthentine the Poker (level 7, -1/84 HPs)
             Began as a Merfolk Gladiator on Sept 9, 2021.
             Was an Initiate of the Shining One.
             Slain by an adder (4 damage)
             ... on level 5 of the Dungeon.
             The game lasted 00:03:45 (5399 turns).

Demosthentine the Poker (Merfolk Gladiator)         Turns: 5399, Time: 00:03:46

Health: -1/84      AC: 23    Str: 16    XL:     7   Next: 79%
Magic:  7/7        EV:  2    Int:  8    God:    the Shining One [......]
Gold:   1096       SH:  0    Dex: 17    Spells: 6/6 levels left

rFire   . . .      SeeInvis .   a - +0 trident
rCold   + . .      Faith    .   (no shield)
rNeg    + + +      Spirit   .   (armour currently unavailable)
rPois   +          Reflect  .   (helmet currently unavailable)
rElec   .          Harm     .   (cloak currently unavailable)
rCorr   .          Rampage  .   (gloves currently unavailable)
Will    .....      NoTele   +   (boots currently unavailable)
Stlth   +.........              (no amulet)
HPRegen 0.24/turn               e - ring of protection from cold
MPRegen 0.10/turn               (no ring)

@: tree-form, glowing
A: stationary, stasis, torment immunity, boosted hp, (nimble swimmer 2),
(mertail), (iridescent scales 1), thin skeletal structure 1
a: Renounce Religion


You were on level 5 of the Dungeon.
You worshipped the Shining One.
The Shining One was noncommittal.
You were a tree.
You visited 2 branches of the dungeon, and saw 6 of its levels.

You collected 1096 gold pieces.

Inventory:

Hand Weapons
 a - a +0 trident (weapon)
Missiles
 d - 2 throwing nets (quivered)
Armour
 b - a +0 leather armour (melded)
 c - a +1 helmet (melded)
 h - a +0 pair of gloves (melded)
Jewellery
 e - a ring of protection from cold (left branch)
Scrolls
 g - a scroll of enchant armour
Potions
 f - 2 potions of mutation
 l - a potion of flight


   Skills:
 + Level 5.0 Fighting
 + Level 7.4 Polearms
 - Level 2.0 Throwing
 + Level 2.9 Armour
 + Level 6.8 Dodging


You had 6 spell levels left.
You didn't know any spells.
Your spell library contained the following spells:

 Spells                   Type           Power      Damage    Failure   Level
 Blink                    Tloc           N/A        N/A       54%         2
 Sublimation of Blood     Necr           0%         N/A       54%         2
 Wereblood                Tmut           0%         N/A       54%         2
 Manifold Assault         Tloc           0%         N/A       100%        5
 Storm Form               Tmut/Air       0%         N/A       100%        7
 Summon Hydra             Summ           0%         N/A       100%        7


Dungeon Overview and Level Annotations

Branches:
Dungeon (5/15)             Temple (1/1) D:4

Altars:
Ashenzari
Cheibriados
Dithmenos
Elyvilon
Fedhas
Gozag
Hepliaklqana
Kikubaaqudgha
Makhleb
Okawaru
Qazlal
Ru
Sif Muna
Trog
Uskayaw
Vehumet
Wu Jian
Xom
Yredelemnul
Zin
The Shining One

Shops:
D:4 (


Innate Abilities, Weirdness & Mutations

You are a tree.
Your roots penetrate the ground, keeping you stationary.
You cannot be teleported.
You are immune to unholy pain and torment.
Your maximum health is greatly increased.
Your equipment is partially melded.
((You are quick and stealthy near water. (Stealth+, EV+, Speed+++)))
((Your lower body shifts to a powerful aquatic tail in water.))
((You are partially covered in iridescent scales. (AC +2)))
You have a somewhat thin skeletal structure. (Dex +2, Stealth+)


Message History

The orc hits you but does no damage.
Unknown command.
Reach: a) +0 trident
Press: ? - help, Dir - move target, f/p - orc
Aim: an orc, wielding a +0 trident and wearing a +0 leather armour (about 36% to evade your +0 trident)
You reach to attack!
You hit the orc.
The orc is moderately wounded.
The orc hits you but does no damage.
Reach: a) +0 trident
Press: ? - help, Dir - move target, f/p - orc
Aim: an orc, wielding a +0 trident and wearing a +0 leather armour (moderately wounded, about 36% to evade your +0 trident)
You reach to attack!
You hit the orc.
The orc is heavily wounded.
The orc hits you but does no damage.
Reach: a) +0 trident
Press: ? - help, Dir - move target, f/p - orc
Aim: an orc, wielding a +0 trident and wearing a +0 leather armour (heavily wounded, about 36% to evade your +0 trident)
You reach to attack!
You hit the orc.
The orc is severely wounded.
The orc hits you but does no damage.
Reach: a) +0 trident
Press: ? - help, Dir - move target, f/p - orc
Aim: an orc, wielding a +0 trident and wearing a +0 leather armour (severely wounded, about 36% to evade your +0 trident)
You reach to attack!
You puncture the orc!
You kill the orc!
Unknown command.
Reach: a) +0 trident
Press: ? - help, Dir - move target, f - adder
Aim: an adder (haloed, about 36% to evade your +0 trident)
You hit the adder.
The adder is lightly wounded.
The adder bites you but does no damage.
Unknown command.
Reach: a) +0 trident
Press: ? - help, Dir - move target, f/p - adder
Aim: an adder (lightly wounded, haloed, about 36% to evade your +0 trident)
You hit the adder.
The adder is moderately wounded.
The adder bites you.
You die...

#....#...#
.........##
..........#
...#.##..##
........>.#
..........##
...#####.#.#
# ...
#.#.###Z##...
#.#.♣Soo.Z...
#.#.###s###..
#.#.# # #.#.#
..... .....
.#.# .#.#


You could see a scorpion, an adder, 2 orcs, a bullfrog zombie and a scorpion
zombie.

Vanquished Creatures
  An ice beast (D:3)
  An ogre (D:5)
  The ghost of yellowboar the Thaumaturge, an amateur GnWn (D:3)
  A bullfrog (D:3)
  A scorpion (D:5)
  2 hounds
  An orc priest (D:5)
  Terence (D:2)
  4 orc wizards
  6 adders
  3 gnolls (D:5)
  A worm (D:2)
  3 dart slugs (D:1)
  10 orcs
  12 ball pythons
  6 endoplasms
  2 goblins
  8 hobgoblins
  9 jackals
  10 kobolds
  A quokka (D:2)
  2 bats (D:2)
  5 frilled lizards
  2 rats (D:3)
93 creatures vanquished.

Notes
Turn   | Place    | Note
-------+----------+-------------------------------------------
     0 | D:1      | Demosthentine the Merfolk Gladiator began the quest for the
                  | Orb.
     0 | D:1      | Reached XP level 1. HP: 16/16 MP: 1/1
   169 | D:1      | Reached XP level 2. HP: 23/23 MP: 2/2
   813 | D:1      | Reached XP level 3. HP: 28/28 MP: 3/3
  1046 | D:1      | Found a faded altar of an unknown god.
  1292 | D:2      | Reached skill level 5 in Polearms
  1461 | D:2      | Reached skill level 1 in Armour
  1501 | D:2      | Reached XP level 4. HP: 25/34 MP: 4/4
  2347 | D:2      | Noticed Terence
  2353 | D:2      | Killed Terence
  2886 | D:3      | Reached skill level 5 in Dodging
  2942 | D:3      | Reached XP level 5. HP: 41/41 MP: 5/5
  3016 | D:3      | Found a runed translucent gate.
  3016 | D:3      | Found a runed translucent gate.
  3016 | D:3      | Found a runed translucent gate.
  3017 | D:3      | Found an opulent altar of Gozag.
  3018 | D:3      | Noticed yellowboar's ghost (amateur GnWn)
  3019 | D:3      | Noticed an ice beast
  3871 | D:3      | Gained mutation: You are partially covered in iridescent
                  | scales. (AC +2) [potion of mutation]
  3871 | D:3      | Gained mutation: You have a somewhat thin skeletal
                  | structure. (Dex +2, Stealth+) [potion of mutation]
  3881 | D:3      | Reached skill level 6 in Polearms
  3881 | D:3      | Reached XP level 6. HP: 48/48 MP: 6/6
  3887 | D:3      | Killed an ice beast
  3894 | D:3      | HP: 2/48 [yellowboar's ghost/sting (2)]
  3900 | D:3      | Killed yellowboar's ghost
  4244 | D:4      | Reached XP level 7. HP: 33/55 MP: 7/7
  4697 | D:4      | Found a burning altar of Makhleb.
  4697 | D:4      | Found a broken altar of Ashenzari.
  4698 | D:4      | Found a snail-covered altar of Cheibriados.
  4766 | D:4      | Found Miwk's Weapon Shop.
  4998 | D:4      | Found a staircase to the Ecumenical Temple.
  5042 | Temple   | Entered the Ecumenical Temple
  5147 | Temple   | Became a worshipper of the Shining One
  5249 | D:4      | Identified a scroll of acquirement
  5249 | D:4      | Acquired 821 gold pieces
  5275 | D:5      | Entered Level 5 of the Dungeon
  5287 | D:5      | Reached skill level 7 in Polearms
  5390 | D:5      | HP: 1/82 [orc (5)]
  5393 | D:5      | Reached skill level 5 in Fighting
  5399 | D:5      | Slain by an adder

Illustrated notes

Levels and vault maps discovered:
D:1:      minmay_arrival_arboretum_large, layout_basic,
          ebering_ecumenical_altar_box, serial_corexii_hall,
          corexii_hall_statues_s, chequers_hall_statues_y,
          corexii_hall_statues_t, minmay_pentomino_t4
D:2:      layout_basic, hangedman_feature_mirror, chequers_jeans, uniq_terence
D:3:      minmay_wonky_spiral, layout_loops_corners, ebering_ghost_gozag
D:4:      layout_basic, gammafunk_temple_overflow_forgotten,
          minmay_temple_entry_antechambers, serial_shops,
          nicolae_inconvenience_store
D:5:      layout_basic, lightli_sewer_entry_pipes, minmay_ruined_shrine
Temple:   compressed_dpeg_circular_temple

Skill      XL: |  1  2  3  4  5  6  7 |
---------------+----------------------+-----
Polearms       | 5 6 7 |  7.4
Armour         | 1 2 |  2.9
Fighting       | 3 4 5 |  5.0
Dodging        | 5 6 |  6.8
Throwing       | |  2.0

Action                   |  1- 3 |  4- 6 |  7- 9 || total
-------------------------+-------+-------+-------++-------
Melee: Trident           |   117 |   150 |   121 ||   388
Throw: Throwing net      |       |       |     2 ||     2
  Use: Scroll            |     2 |     2 |     3 ||     7
       Potion            |       |     6 |     3 ||     9
 Stab: Sleeping          |       |     4 |     2 ||     6
Armor: Leather armour    |    19 |    55 |    15 ||    89
       Skin              |       |       |    13 ||    13
Dodge: Dodged            |    80 |    69 |    69 ||   218

Table legend: (Time is in decaauts)
 A = Elapsed time spent in this place.
 B = Non-inter-level travel time spent in this place.
 C = Inter-level travel time spent in this place.
 D = Time resting spent in this place.
 E = Time spent auto-exploring this place.
 F = Levels seen in this place.
 G = Mean time per level.
                   A        B        C        D        E       F      G
               +--------+--------+--------+--------+--------+-----+--------+
         Total |   5405 |   5265 |    140 |      0 |   4524 |   6 |  900.8 |
       Dungeon |   5293 |   5153 |    140 |      0 |   4437 |   5 | 1058.6 |
        Temple |    112 |    112 |      0 |      0 |     87 |   1 |  112.0 |
               +--------+--------+--------+--------+--------+-----+--------+

Top non-repeatable levels by time:
     D:2: 1508 daAuts
     D:3: 1444 daAuts
     D:1: 1262 daAuts
     D:4: 959 daAuts
     D:5: 118 daAuts
  Temple: 112 daAuts
